 Dungeon Crawl Stone Soup version 0.24-a0-537-g2d01d4ab0a (webtiles) character file.

Game seed: 12601775416200470878

914 Aggronaut the Insei (level 7, -4/63 HPs)
             Began as a Purple Draconian Monk on Aug 14, 2019.
             Was a Priest of Makhleb.
             Killed from afar by an orc wizard (5 damage)
             ... with a puff of frost
             ... on level 5 of the Dungeon.
             The game lasted 00:14:09 (4192 turns).

Aggronaut the Insei (Purple Draconian Monk)         Turns: 4192, Time: 00:14:11

Health: -4/63      AC:  6    Str: 14    XL:     7   Next: 82%
Magic:  10/10      EV: 16    Int: 11    God:    Makhleb [***...]
Gold:   143        SH:  0    Dex: 14    Spells: 6/6 levels left

rFire    . . .     SeeInvis .     - Unarmed
rCold    . . .     Gourm    .   (no shield)
rNeg     . . .     Faith    .   (armour unavailable)
rPois    +         Spirit   .   (helmet restricted)
rElec    .         Reflect  .   (no cloak)
rCorr    .         Harm     .   (no gloves)
MR       +....                  (no boots)
Stlth    ++........             (no amulet)
HPRegen  0.20/turn              p - +3 ring of evasion
MPRegen  0.12/turn              b - ring of poison resistance

@: no status effects
A: breathe power, unfitting armour, cold-blooded, AC +6
a: Breathe Dispelling Energy, Minor Destruction, Lesser Servant of Makhleb,
Renounce Religion


You were on level 5 of the Dungeon.
You worshipped Makhleb.
Makhleb was most pleased with you.
You were not hungry.

You visited 1 branch of the dungeon, and saw 5 of its levels.

You collected 143 gold pieces.

Inventory:

Jewellery
 b - a ring of poison resistance (right hand)
 c - an uncursed ring of positive energy
 j - an uncursed ring of protection from magic
 p - a +3 ring of evasion (left hand)
Wands
 q - a wand of random effects (26)
 s - a wand of digging (5)
Scrolls
 h - 3 scrolls of remove curse {unknown}
 i - a scroll of amnesia
 k - 2 scrolls of fog {unknown}
 o - a scroll of fear {unknown}
Potions
 d - 2 potions of lignification
 e - a potion of invisibility
 f - a potion of curing
 l - a potion of cancellation
 m - a potion of resistance {unknown}
 n - a potion of might {unknown}
 r - a potion of flight {unknown}
Comestibles
 a - 9 rations


   Skills:
 + Level 6.0 Fighting
 - Level 2.8 Dodging
 - Level 1.7 Stealth
 * Level 7.2 Unarmed Combat
 + Level 4.0 Invocations


You had 6 spell levels left.
You didn't know any spells.
Your spell library was empty.

Dungeon Overview and Level Annotations

Branches:
Dungeon (5/15)
 Temple: D:4-7

Altars:
Cheibriados
Kikubaaqudgha
Makhleb
Sif Muna
Uskayaw
Vehumet
Yredelemnul


Innate Abilities, Weirdness & Mutations

You can breathe bolts of dispelling energy.
Your rich purple scales are hard. (AC +6)
You cannot fit into any form of body armour.
You are cold-blooded and may be slowed by cold attacks.


Message History

* * * LOW HITPOINT WARNING * * *
The orc barely misses you.
A demon appears!
The orc wizard points at you and mumbles some strange words.
The puff of flame hits you.
* * * LOW HITPOINT WARNING * * *
The orc hits you with a +0 short sword.
* * * LOW HITPOINT WARNING * * *
The orc wizard hits you but does no damage.
The orc completely misses you.
Your hellwing hits the orc!
The orc dies!
Makhleb accepts your kill.
There is a stone staircase leading down here.
You barely miss the orc wizard.
You tail-slap the orc wizard, but do no damage.
The orc wizard hits you with a +0 dagger.
* * * LOW HITPOINT WARNING * * *
The orc wizard gestures at you while chanting.
The puff of frost hits you.
You die...

...
#.......##......##
....
##......#........#
....#
###...#..#......#
.....#
###...###......
...... ##..###
##.....
......###..##
###... #..)..##
##.. ##4o### ##.
#@## ## #.# # #.#
... ... ...## ....
##... # ###


You could see an orc wizard and a friendly hellwing.

Vanquished Creatures
  Grinder (D:3)
  A hippogriff (D:4)
  3 big kobolds
  An orc priest (D:5)
  An orc wizard (D:5)
  An iguana (D:4)
  A worker ant zombie (D:5)
  Robin (D:3)
  6 adders
  A gnoll (D:4)
  A shadow imp (D:5)
  2 oozes (D:2)
  3 worms
  3 dart slugs
  4 leopard geckos
  3 orcs
  A ball python (D:5)
  6 giant cockroaches
  14 goblins
  13 hobgoblins
  4 jackals (D:1)
  2 quokkas
  11 bats
  7 frilled lizards
  15 kobolds
  4 rats
110 creatures vanquished.

Vanquished Creatures (collateral kills)
  A gnoll shaman (D:4)
  4 gnolls (D:4)
  An orc (D:5)
6 creatures vanquished.

Grand Total: 116 creatures vanquished

Notes
Turn   | Place    | Note
-------+----------+-------------------------------------------
     0 | D:1      | Aggronaut the Draconian Monk began the quest for the Orb.
     0 | D:1      | Reached XP level 1. HP: 19/19 MP: 1/1
   134 | D:1      | Reached XP level 2. HP: 23/26 MP: 2/2
   547 | D:1      | Reached XP level 3. HP: 33/33 MP: 3/3
  1074 | D:2      | Reached skill level 4 in Unarmed Combat
  1351 | D:2      | Reached XP level 4. HP: 39/40 MP: 4/4
  1411 | D:2      | Found an ancient bone altar of Kikubaaqudgha.
  1729 | D:2      | You fall into a shaft and drop 1 floor!
  1803 | D:3      | Found a faded altar of an unknown god.
  1822 | D:3      | Became a worshipper of Makhleb the Destroyer
  1822 | D:3      | Reached * piety under Makhleb
  1822 | D:3      | Reached ** piety under Makhleb
  1867 | D:3      | Noticed Grinder
  1879 | D:3      | Killed Grinder
  1879 | D:3      | Reached skill level 5 in Unarmed Combat
  1879 | D:3      | Reached XP level 5. HP: 47/47 MP: 4/6
  1879 | D:3      | Reached XP level 6. HP: 55/55 MP: 4/7
  2048 | D:3      | Reached *** piety under Makhleb
  2344 | D:3      | Noticed Robin
  2351 | D:3      | Killed Robin
  2381 | D:3      | Reached skill level 5 in Fighting
  2417 | D:3      | Reached skill level 6 in Unarmed Combat
  3177 | D:4      | Your scales start taking on a rich purple colour.
  3177 | D:4      | Reached XP level 7. HP: 59/61 MP: 9/9
  3310 | D:4      | Noticed a hippogriff
  3321 | D:4      | Killed a hippogriff
  3844 | D:4      | Reached skill level 7 in Unarmed Combat
  3908 | D:4      | Found a burning altar of Makhleb.
  3908 | D:4      | Found a basalt altar of Yredelemnul.
  3908 | D:4      | Found a hide-covered altar of Uskayaw.
  3908 | D:4      | Found a shimmering blue altar of Sif Muna.
  3914 | D:4      | Found a snail-covered altar of Cheibriados.
  3914 | D:4      | Found a radiant altar of Vehumet.
  3965 | D:5      | Entered Level 5 of the Dungeon
  4192 | D:5      | HP: 1/63 [orc wizard/+0 dagger (6)]
  4192 | D:5      | Killed from afar by an orc wizard

Levels and vault maps discovered:
D:1:      dpeg_arrival_ternary, layout_rooms
D:2:      layout_basic, kiku_gazebo_pond_becter, guppyfry_early_lair_pool
D:3:      cheibrodos_thug_alley, layout_basic,
          chequers_ecumenical_altar_simple_redux, uniq_grinder, uniq_robin
D:4:      layout_basic, minmay_overflow_temple_hex, abandoned_shop
D:5:      layout_cave_pods, lemuel_round_altar, kennysheep_mini_moat,
          first_ration

Skill      XL: |  1  2  3  4  5  6  7 |
---------------+----------------------+-----
Unarmed Combat | 4 5 6 7 |  7.2
Fighting       | 4 5 6 |  6.0
Invocations    | 2 3 4 |  4.0
Dodging        | |  2.8
Stealth        | |  1.7

Action                   |  1- 3 |  4- 6 |  7- 9 || total
-------------------------+-------+-------+-------++-------
Melee: Unarmed           |   160 |   172 |    96 ||   428
       Tailslap          |    13 |    18 |     7 ||    38
       Punch             |     1 |     3 |     4 ||     8
Invok: Lesser Servant of |       |       |     2 ||     2
  Use: Scroll            |     1 |     6 |     1 ||     8
       Potion            |       |     1 |     1 ||     2
 Stab: Sleeping          |     2 |     3 |     1 ||     6
  Eat: Chunk             |     2 |     4 |     1 ||     7
       Ration            |       |     1 |       ||     1
Armor: Skin              |    68 |    26 |    25 ||   119
Dodge: Dodged            |   146 |    87 |    77 ||   310

Table legend:
 A = Non-vault XP
 B = Vault XP
 C = Vault XP percentage of total XP
 D = Non-vault monster count
 E = Vault monster count
 F = Vault count percentage of total count
                 A         B        C        D         E       F
            +---------+---------+-------+---------+---------+-------
      Total |     788 |     519 |  39.7 |      95 |      21 |  18.1
            +---------+---------+-------+---------+---------+-------
        D:1 |      45 |       0 |   0.0 |      27 |       0 |   0.0
        D:2 |      78 |       0 |   0.0 |      24 |       0 |   0.0
        D:3 |      60 |     519 |  89.6 |      18 |      21 |  53.8
        D:4 |     486 |       0 |   0.0 |      18 |       0 |   0.0
        D:5 |     119 |       0 |   0.0 |       8 |       0 |   0.0
            +---------+---------+-------+---------+---------+-------
